Map: Proxima Station LE

Players

Zanster

  • Race: Zerg Zerg
  • Spawn Location: 7:00

SpeCiaL - Winner!

  • Race: Terran Terran
  • Spawn Location: 1:00

Event: WCS Valencia 2017

VOD

Have the link to the VOD?

Description

Time

  • Played on: July 14, 2017, 2:44 p.m.
  • Length: 7:48

All games in this series

Show
View Real Time Build Order
Export as new Build Order

Zanster Zerg 

Build Orders: Hatch First 

Get SALT Encoding   

  12  0:00  Drone  
  13  0:12  Overlord  
  13  0:17  Drone  
  14  0:31  Drone x2  
  14  0:35  Drone  
  17  0:53  Hatchery  
  17  0:56  Drone  
  17  0:59  Drone  
  18  1:11  Extractor  
  17  1:14  Spawning Pool  
  17  1:17  Drone  
  17  1:20  Drone  
  18  1:28  Drone  
  19  1:38  Drone  
  20  1:50  Overlord  
  20  2:02  Queen  
  20  2:05  Queen, Zergling x2  
  20  2:06  Zergling x2  
  26  2:12  Metabolic Boost  
  26  2:15  Drone  
  27  2:16  Drone  
  27  2:22  Drone  
  29  2:28  Drone  
  30  2:32  Drone  
  31  2:40  Queen  
  31  2:41  Queen  
  34  2:45  Overlord  
  34  2:48  Drone  
  34  2:50  Drone  
  36  2:56  Overlord  
  36  3:04  Drone  
  36  3:05  Drone  
  38  3:10  Drone  
  39  3:18  Drone  
  39  3:19  Drone x5  
  45  3:23  Queen  
  45  3:26  Drone  
  48  3:31  Zergling x2  
  49  3:41  Hatchery  
  49  3:44  Lair  
  49  3:47  Extractor  
  49  3:48  Extractor, Drone  
  48  3:50  Drone  
  48  3:51  Drone  
  48  3:55  Drone  
  50  3:56  Drone  
  50  3:59  Overlord  
  51  4:04  Overlord  
  51  4:12  Roach Warren, Overlord  
  50  4:25  Drone x2  
  50  4:26  Drone x3  
  50  4:27  Drone  
  50  4:30  Drone  
  57  4:31  Spore Crawler, Drone  
  57  4:32  Drone  
  58  4:39  Overlord  
  58  4:48  Overseer  
  58  4:56  Roach x4  
  58  4:57  Nydus Network  
  58  4:58  Overseer  
  65  5:00  Queen  
  65  5:04  Roach x2  
  71  5:09  Roach  
  71  5:11  Overlord  
  73  5:14  Overlord  
  73  5:16  Overlord  
  73  5:25  Overseer  
  73  5:30  Roach  
  73  5:31  Roach x3  
  73  5:32  Overlord  
  81  5:44  Nydus Canal  
  81  5:51  Roach x5  
  81  5:52  Zergling x8  
  95  6:02  Zergling x10  
  95  6:03  Zergling x2  
  99  6:04  Nydus Canal  
  99  6:17  Overlord  
  99  6:18  Overlord x2  
  99  6:24  Glial Reconstitution  
  99  6:35  Queen, Nydus Canal  
  99  6:36  Roach  
  99  6:37  Zergling x10, Roach x2  
  112  6:45  Roach x3  
  113  6:54  Roach  
  113  6:55  Roach  
  117  7:05  Zergling x2, Roach x2  
  117  7:08  Overlord x2  
  118  7:17  Roach x2  
Show
View Real Time Build Order
Export as new Build Order

SpeCiaL Terran - Winner!

Build Orders: Reaper Expand, Hellion Banshee 

Get SALT Encoding   

  12  0:00  SCV  
  13  0:13  SCV  
  14  0:18  Supply Depot  
  14  0:25  SCV  
  15  0:28  Refinery  
  15  0:40  SCV  
  16  0:44  Barracks  
  16  0:52  SCV  
  17  1:04  SCV  
  18  1:16  SCV  
  19  1:32  Orbital Command, Reaper  
  20  1:44  Command Center  
  20  1:54  Factory  
  20  1:58  SCV  
  21  2:04  Refinery  
  21  2:07  Barracks Reactor  
  21  2:10  SCV  
  22  2:16  Supply Depot  
  22  2:22  SCV  
  23  2:38  SCV  
  24  2:44  Starport  
  24  2:49  Hellion x2  
  24  2:50  SCV  
  29  2:52  Barracks Tech Lab  
  29  2:57  Orbital Command  
  29  3:02  SCV  
  30  3:12  Hellion x2  
  34  3:14  SCV  
  35  3:24  SCV  
  35  3:26  SCV  
  37  3:28  Viking  
  37  3:32  Cloaking Field  
  39  3:36  Hellion  
  39  3:38  Marine  
  39  3:40  SCV  
  39  3:41  SCV  
  44  3:44  Supply Depot  
  44  3:47  Hellion  
  46  4:06  SCV x2, Supply Depot, Banshee  
  51  4:13  Hellion  
  53  4:18  SCV  
  53  4:20  Armory  
  54  4:28  Hellion, SCV, Supply Depot  
  54  4:30  SCV  
  58  4:35  Hellion  
  60  4:40  SCV  
  60  4:42  SCV  
  62  4:50  Hellion  
  62  4:51  Supply Depot  
  62  4:52  SCV, Medivac  
  66  4:56  Hellion  
  66  4:59  SCV  
  69  5:04  Hellion x9, SCV  
  70  5:09  Terran Vehicle Weapons Level 1  
  70  5:13  SCV, Command Center  
  71  5:22  Factory  
  71  5:23  Cyclone  
  71  5:24  Factory  
  71  5:27  SCV x2  
  76  5:36  Cyclone  
  76  5:39  SCV x2, Refinery  
  76  5:40  Refinery, Supply Depot  
  81  5:49  Marine  
  82  5:55  Cyclone  
  85  6:02  SCV x2  
  87  6:11  Cyclone  
  90  6:14  SCV x2  
  92  6:21  Marine  
  92  6:24  Bunker, Cyclone  
  96  6:25  Supply Depot  
  96  6:26  SCV x2, Supply Depot  
  96  6:30  Cyclone  
  101  6:38  Marine  
  99  6:40  Orbital Command  
  97  6:47  SCV x2  
  97  6:57  Hellion, Cyclone  
  97  6:59  SCV x2  
  101  7:11  SCV x2  
  106  7:16  SCV  
  110  7:23  SCV x2  
  110  7:28  SCV  
  107  7:35  SCV x2  
  99  7:39  Refinery, Supply Depot x2  
  99  7:40  Refinery  
Tags
 
Add a new tag
Caveats
  • Supply blocks, unpowered buildings, or Contaminate may cause inaccurate times.
  • Supply counts are checked every 10 seconds.